 Dungeon Crawl Stone Soup version 0.27-a0-385-g3208abaabc (webtiles) character file.

Game seed: 11615496786001740776

4314 jasper the Covert (level 10, -2/48 HPs)
             Began as a Spriggan Enchanter on Feb 18, 2021.
             Was a Believer of Fedhas.
             Shot with a sling bullet by Joseph (3 damage)
             ... on level 10 of the Dungeon.
             The game lasted 00:19:00 (9937 turns).

jasper the Covert (Spriggan Enchanter)              Turns: 9937, Time: 00:19:01

Health: -2/48      AC:  5    Str:  4    XL:     10   Next: 11%
Magic:  7/17       EV: 20    Int: 20    God:    Fedhas [**....]
Gold:   414        SH:  0    Dex: 16    Spells: 5/17 levels left

rFire    x . .     SeeInvis +   T - +1 dagger (elec)
rCold    + . .     Faith    .   (shield restricted)
rNeg     . . .     Spirit   .   b - +0 robe
rPois    +         Reflect  .   (helmet restricted)
rElec    .         Harm     .   K - +2 cloak
rCorr    .         Rampage  .   (gloves unavailable)
Will     +....                  (boots unavailable)
Stlth    +++++.....             d - amulet of regeneration
HPRegen  1.16/turn              F - ring of poison resistance
MPRegen  0.15/turn              y - ring of ice

@: lethally poisoned (-2 -> -2), very quick
A: very small, unfitting armour, see invisible, speed 3
a: Renounce Religion, Wall of Briars


You were on level 10 of the Dungeon.
You worshipped Fedhas.
Fedhas was pleased with you.
You visited 1 branch of the dungeon, and saw 10 of its levels.

You collected 414 gold pieces.

Inventory:

Hand Weapons
 a - a +1 dagger
 l - a +0 rapier
 L - a +0 shortbow
 T - a +1 dagger of electrocution (weapon)
Missiles
 M - 38 arrows
Armour
 b - a +0 robe (worn)
 K - a +2 cloak (worn)
 N - a +0 buckler
Magical Staves
 m - a staff of air
 A - a staff of fire
Jewellery
 d - an amulet of regeneration (around neck)
 g - a +4 ring of evasion
 u - a +6 ring of intelligence
 v - a +6 ring of dexterity
 y - a ring of ice (right hand)
 F - a ring of poison resistance (left hand)
 P - a ring of ice
 R - a +4 ring of protection
Wands
 w - a wand of flame (44)
 B - a wand of random effects (19)
 D - a wand of mindburst (9)
 E - a wand of charming (9)
Scrolls
 j - 3 scrolls of amnesia
 k - 3 scrolls of teleportation {unknown}
 n - 3 scrolls of noise {unknown}
 p - 2 scrolls of enchant weapon {unknown}
 r - 8 scrolls of immolation {unknown}
 s - 5 scrolls of identify {unknown}
 t - a scroll of magic mapping {unknown}
 C - a scroll of fear {unknown}
 H - a scroll of enchant armour {unknown}
 Q - a scroll of blinking {unknown}
Potions
 c - 2 potions of cancellation {unknown}
 e - 2 potions of attraction {unknown}
 f - a potion of flight {unknown}
 h - a potion of heal wounds
 i - 3 potions of invisibility {unknown}
 o - a potion of degeneration {unknown}
 q - 7 potions of curing {unknown}
 x - 2 potions of lignification {unknown}
 z - a potion of haste {unknown}
 G - 3 potions of brilliance {unknown}
 I - 2 potions of mutation {unknown}
 J - a potion of ambrosia {unknown}
 O - 2 potions of might {unknown}
 S - a potion of magic {unknown}


   Skills:
 + Level 2.9 Fighting
 - Level 8.0 Short Blades
 + Level 5.5 Dodging
 + Level 12.0 Stealth
 - Level 4.1 Spellcasting
 + Level 7.9 Hexes
 - Level 2.0 Ice Magic
 + Level 1.2 Earth Magic
 + Level 3.4 Invocations
 + Level 4.7 Evocations


You had 5 spell levels left.
You knew the following spells:

 Your Spells              Type           Power        Failure   Level
a - Tukima's Dance        Hex            35%          1%          3
b - Ensorcelled Hibernat  Hex/Ice        70%          2%          2
c - Confusing Touch       Hex            35%          1%          3
d - Leda's Liquefaction   Hex/Erth       11%          19%         4

Your spell library contained the following spells:

 Spells                   Type           Power        Failure   Level
 Corona                   Hex            38%          1%          1
 Slow                     Hex            35%          1%          2
 Cause Fear               Hex            17%          4%          4
 Dazzling Flash           Conj/Hex       38%          8%          3
 Inner Flame              Hex/Fire       19%          8%          3
 Portal Projectile        Hex/Tloc       38%          8%          3


Dungeon Overview and Level Annotations

Branches:
Dungeon (10/15)            Temple (0/1) D:7
   Lair: D:8-11         Orc: D:9-12

Altars:
Dithmenos
Elyvilon
Fedhas
Nemelex Xobeh
Okawaru
Trog
The Shining One

Shops:
D:6 (

Annotations:
D:5 4 runed translucent doors
D:10 Joseph


Innate Abilities, Weirdness & Mutations

You are very small and have problems with some larger weapons.
You are too small for most types of armour.
You have supernaturally acute eyesight. (SInv)
You cover ground extremely quickly.


Message History

Aiming: Ensorcelled Hibernation (safe; 2% risk of failure)
Press: ? - help, Q - select action, (/) - cycle Shift-Dir - straight line, f - killer bee
Aim: a killer bee (chance to affect: 71%)
You feel a surge of power!
The killer bee looks drowsy...
You feel sick.
Joseph, a Mercenary comes into view.
He is wielding a +0 quarterstaff.
A wight comes into view. It is wielding a +2 falchion.
You now have 11/17 mp.
The helpless killer bee fails to defend itself.
You spit the killer bee like a pig!!!!
You kill the killer bee!
Fedhas appreciates your contribution to the ecosystem.
The killer bee barely misses you.
Aiming: Ensorcelled Hibernation (safe; 2% risk of failure)
Press: ? - help, Q - select action, (/) - cycle Shift-Dir - straight line, f - killer bee
Aim: a killer bee (chance to affect: 71%)
You feel a surge of power!
The killer bee struggles to resist.
The killer bee closely misses you. The killer bee barely misses you.
You now have 10/17 mp.
You miss the killer bee. The killer bee misses you.
A briar patch grows up from the ground. x6; You feel sick.
The killer bee barely misses you.
The killer bee stings you but does no damage.
You now have 7/17 mp.
You walk carefully through the plants.
The killer bee closely misses you.
Joseph unwields a +0 quarterstaff.
Joseph wields a +5 hunting sling of freezing.
It is covered in frost.
Joseph shoots a sling bullet.
The sling bullet hits you!! The sling bullet freezes you.
You take 20 damage, and have 17/48 hp.
MASSIVE DAMAGE!!
The killer bee is struck by your briar patch's thorns.
The killer bee stings your briar patch but does no damage.
The killer bee is struck by your briar patch's thorns.
The killer bee dies!
Fedhas appreciates your contribution to the ecosystem.
You feel sick.
Joseph shoots a sling bullet.
The sling bullet hits you!
* * * LOW HITPOINT WARNING * * *
The sling bullet freezes you.
You die...
Fedhas appreciates your contribution to the ecosystem.

########[. .........######.
#......?...#...
..........#.# #### ..
..........# #...
#..########.......##..#
.....z.........##....#
......PPP#.###......#######
.....#zP..@......<.......#
.#....PP...########......#
#.#.@....## #.#...)##
#.#.##... ##.#...).[
...#.###### .......)#.
..###.# ..##....## ... #.#
... #....## .. ..# ....
###### #####


You could see Joseph and 2 wights.

Vanquished Creatures
  A hornet (D:7)
  A shadow (D:9)
  An orc warrior (D:8)
  A sky beast (D:6)
  A hornet zombie (D:7)
  A black bear (D:5)
  An ice beast (D:8)
  8 ogres
  2 centaurs (D:8)
  A phantom (D:8)
  Blork the orc (D:5)
  5 bullfrogs
  3 scorpions
  A wyvern skeleton (D:6)
  A water moccasin skeleton (D:7)
  7 killer bees
  5 wights
  2 howler monkeys (D:7)
  2 quasits
  2 centaur zombies
  A bullfrog zombie (D:8)
  3 hounds
  5 orc priests
  5 iguanas
  2 jellies
  Crazy Yiuf (D:7)
  3 centaur skeletons
  Terence (D:3)
  Natasha (D:2)
  7 orc wizards
  6 worker ants
  A killer bee zombie (D:8)
  2 hound skeletons
  3 worker ant zombies
  7 adders
  2 shadow imps (D:7)
  A white imp (D:8)
  2 ufetubi
  An ooze (D:2)
  An adder zombie (D:8)
  2 adder skeletons (D:5)
  2 worms (D:2)
  2 dart slugs
  4 leopard geckos
  21 orcs
  6 giant cockroaches
  9 goblins
  5 hobgoblins
  5 jackals (D:2)
  4 quokkas
  A ball python (D:2)
  18 bats
  5 frilled lizards
  A goblin skeleton (D:7)
  A goblin zombie (D:7)
  A hobgoblin zombie (D:7)
  A jackal skeleton (D:6)
  11 kobolds
  2 leopard gecko skeletons
  A leopard gecko zombie (D:8)
  An orc skeleton (D:7)
  An orc zombie (D:7)
  A quokka skeleton (D:4)
  A quokka zombie (D:5)
  6 rats
214 creatures vanquished.

Vanquished Creatures (collateral kills)
  A killer bee (D:10)
1 creature vanquished.

Grand Total: 215 creatures vanquished

Notes
Turn   | Place    | Note
-------+----------+-------------------------------------------
     0 | D:1      | jasper the Spriggan Enchanter began the quest for the Orb.
     0 | D:1      | Reached XP level 1. HP: 9/9 MP: 5/5
   434 | D:1      | Reached XP level 2. HP: 13/13 MP: 7/7
   437 | D:1      | Learned a level 2 spell: Ensorcelled Hibernation
   857 | D:1      | Reached skill level 5 in Stealth
  1212 | D:2      | Reached XP level 3. HP: 16/16 MP: 8/8
  1285 | D:2      | Reached skill level 1 in Ice Magic
  1344 | D:2      | Learned a level 3 spell: Confusing Touch
  1465 | D:2      | Noticed Natasha
  1686 | D:3      | Reached XP level 4. HP: 21/21 MP: 9/9
  1774 | D:3      | Found a glowing golden altar of the Shining One.
  1889 | D:3      | Found an iron altar of Okawaru.
  2014 | D:3      | Noticed Terence
  2051 | D:3      | Killed Terence
  2052 | D:3      | Reached skill level 5 in Hexes
  2467 | D:3      | Reached XP level 5. HP: 24/24 MP: 5/10
  2625 | D:4      | Reached skill level 6 in Stealth
  2951 | D:4      | Noticed a phantom
  3043 | D:5      | Entered Level 5 of the Dungeon
  3531 | D:2      | Reached XP level 6. HP: 28/28 MP: 11/11
  3599 | D:2      | Killed Natasha
  4108 | D:5      | Found a large runed translucent door.
  4108 | D:5      | Found a large runed translucent door.
  4161 | D:5      | Reached skill level 7 in Stealth
  4332 | D:5      | Noticed Blork the orc
  4463 | D:5      | Killed Blork the orc
  4464 | D:5      | Reached XP level 7. HP: 32/32 MP: 3/12
  4680 | D:5      | Reached skill level 8 in Stealth
  4975 | D:5      | Found a large runed translucent door.
  4975 | D:5      | Found a large runed translucent door.
  5006 | D:5      | Reached skill level 5 in Short Blades
  5006 | D:5      | Reached skill level 9 in Stealth
  5275 | D:6      | Found a blossoming altar of Fedhas.
  5379 | D:6      | Found Metal's Antique Weapon Shop.
  5386 | D:6      | Reached XP level 8. HP: 36/36 MP: 10/13
  5806 | D:6      | Reached skill level 10 in Stealth
  6153 | D:6      | Became a worshipper of Fedhas Madash
  6402 | D:7      | Found a glowing golden altar of the Shining One.
  6655 | D:7      | Found a bloodstained altar of Trog.
  6854 | D:7      | Reached skill level 1 in Evocations
  6883 | D:7      | Noticed a hornet
  6887 | D:7      | Killed a hornet
  6888 | D:7      | Reached skill level 1 in Fighting
  6888 | D:7      | Reached skill level 11 in Stealth
  6888 | D:7      | Reached skill level 1 in Invocations
  6888 | D:7      | Reached XP level 9. HP: 41/41 MP: 13/15
  6892 | D:7      | Learned a level 3 spell: Tukima's Dance
  7241 | D:7      | Reached * piety under Fedhas
  7352 | D:7      | Found a staircase to the Ecumenical Temple.
  7569 | D:7      | Found a runed translucent door.
  7572 | D:7      | Noticed Crazy Yiuf
  7755 | D:7      | Killed Crazy Yiuf
  8565 | D:8      | Reached skill level 5 in Dodging
  8806 | D:8      | Learned a level 4 spell: Leda's Liquefaction
  8817 | D:8      | Found a bloodstained altar of Trog.
  8830 | D:8      | Reached ** piety under Fedhas
  9338 | D:9      | Found a white marble altar of Elyvilon.
  9511 | D:9      | Reached skill level 1 in Earth Magic
  9511 | D:9      | Reached XP level 10. HP: 47/47 MP: 14/17
  9546 | D:9      | Reached skill level 12 in Stealth
  9661 | D:9      | Found a shadowy altar of Dithmenos.
  9661 | D:9      | Found a sparkling altar of Nemelex Xobeh.
  9742 | D:10     | Entered Level 10 of the Dungeon
  9929 | D:10     | Noticed Joseph
  9937 | D:10     | HP: 1/48 [Joseph/sling bullet (17)]
  9937 | D:10     | Shot with a sling bullet by Joseph

Illustrated notes

Levels and vault maps discovered:
D:1:      saegor_arrival_simple_d, layout_loops_ring
D:2:      layout_loops_ring, uniq_natasha
D:3:      layout_basic, tso_oasis_becter, okawaru_ov_weapons_minmay,
          uniq_terence
D:4:      layout_cave_pools, kennysheep_big_empty_room
D:5:      layout_rooms, small_statue_intersection,
          minmay_hollow_rounded_squares, uniq_blork_the_orc
D:6:      layout_cave_pods, fedhas_altar_1, serial_shops, shop
D:7:      layout_layer_cave, nicolae_overflow_crystal_walls,
          minmay_temple_entry_oklob, enter_bailey_2, hangedman_decor_growths,
          nicolae_tso_besieged_by_evil, uniq_crazy_yiuf_cottage
D:8:      layout_cave_pools, trog_butcher_becter
D:9:      layout_grid_maze, elyvilon_altar_4, gammafunk_temple_overflow_wave
D:10:     minmay_bubble_buster, layout_rooms, nicolae_gozag_zags_fifth_avenue,
          uniq_joseph

Skill      XL: |  1  2  3  4  5  6  7  8  9 10 |
---------------+-------------------------------+-----
Spellcasting   | 3 4 |  4.1
Hexes          | 4 5 6 7 |  7.9
Stealth        | 5 6 7 9 11 12 | 12.0
Ice Magic      | 1 2 |  2.0
Short Blades   | 2 5 8 |  8.0
Dodging        | 3 5 |  5.5
Evocations     | 1 4 |  4.7
Fighting       | 1 2 |  2.9
Invocations    | 1 3 |  3.4
Earth Magic    | 1 |  1.2

Action                   |  1- 3 |  4- 6 |  7- 9 | 10-12 || total
-------------------------+-------+-------+-------+-------++-------
Melee: Dagger            |   103 |   200 |   333 |    38 ||   674
Throw: Throwing net      |       |     1 |       |       ||     1
 Cast: Corona            |     5 |       |       |       ||     5
       Ensorcelled Hiber |    23 |    67 |    61 |    13 ||   164
       Confusing Touch   |       |     4 |    31 |     1 ||    36
Invok: Wall of Briars    |       |       |       |     1 ||     1
  Use: Potion            |       |     1 |       |       ||     1
       Scroll            |       |     1 |       |       ||     1
 Stab: Sleeping          |    31 |    43 |    64 |     6 ||   144
       Confused          |       |     3 |    29 |     1 ||    33
Armor: Robe              |     6 |    11 |    32 |     5 ||    54
Dodge: Dodged            |    66 |   195 |   268 |    27 ||   556

Table legend: (Time is in decaauts)
 A = Elapsed time spent in this place.
 B = Non-inter-level travel time spent in this place.
 C = Inter-level travel time spent in this place.
 D = Time resting spent in this place.
 E = Time spent auto-exploring this place.
 F = Levels seen in this place.
 G = Mean time per level.
                   A        B        C        D        E       F      G
               +--------+--------+--------+--------+--------+-----+--------+
         Total |   7474 |   7224 |    250 |    875 |   4753 |  10 |  747.4 |
       Dungeon |   7474 |   7224 |    250 |    875 |   4753 |  10 |  747.4 |
               +--------+--------+--------+--------+--------+-----+--------+

Top non-repeatable levels by time:
     D:7: 1238 daAuts
     D:3: 1001 daAuts
     D:5: 968 daAuts
     D:2: 862 daAuts
     D:6: 841 daAuts
     D:1: 789 daAuts
     D:8: 634 daAuts
     D:9: 556 daAuts
     D:4: 417 daAuts
    D:10: 164 daAuts
